AoeStats
← 76561199495878758

Arena

510310969Analyzed
4v4 RM · 1d ago on Sep 30, 2026· 61m 55s· 8 players
Game mode
Random Map
Map size
Large (8 player)
Population
200
Speed
Normal
Resources
Standard
Victory
Conquest
Starting age
Dark Age
Ending age
Imperial Age
RankedLock teamsTeams togetherTeam positionsShared explorationLock speedFull tech treeHidden civsTurbo modeCheats
Victory
Defeat
🇨🇳 Huns · China
983
+13
🇨🇳 Burgundians · China
890
+17
🇲🇴 Chinese · Macao SAR China
848
+19
🇨🇳 Franks · China
837
+20
🇨🇳 Portuguese · China
952
-19
🇻🇳 Danes · Vietnam
937
-18
🇻🇳 Ethiopians · Vietnam
916
-17
🇷🇺 Varangians · Russia
856
-15
Fat sheep
10:30 Feudal Age
12:07 Wheelbarrow
14:49 Castle Age
13:49 Double-Bit Axe
18:56 Hand Cart
26:31 Fletching
26:51 Forging
27:10 Gold Mining
29:03 Iron Casting
30:36 Gold Shaft Mining
30:13 Bodkin Arrow
30:17 Pikeman
30:58 Squires
35:42 Imperial Age
33:14 Scale Mail Armor
33:17 Padded Archer Armor
33:41 Stone Mining
34:56 Ballistics
34:17 Treadmill Crane
34:49 Masonry
36:07 Leather Archer Armor
36:00 Scale Barding Armor
35:58 Husbandry
37:14 Conscription
37:47 Hoardings
36:49 Cavalier
38:12 Hoardings
38:08 Loom
40:19 Blast Furnace
39:39 Chain Barding Armor
39:32 Elite Throwing Axeman
41:53 Architecture
40:56 Paladin
43:27 Plate Barding Armor
43:23 Bow Saw
45:00 Chemistry
56:25 Chivalry
59:17 Fervor
Ngaiiii
13:12 Feudal Age
13:33 Horse Collar
13:40 Double-Bit Axe
18:33 Castle Age
18:05 Stone Mining
18:07 Gold Mining
22:53 Heavy Plow
25:49 Wheelbarrow
25:52 Gold Shaft Mining
26:47 Hand Cart
30:59 Imperial Age
31:01 Elite Chu Ko Nu
32:03 Conscription
32:52 Bow Saw
32:47 Fletching
32:57 Padded Archer Armor
33:00 Caravan
33:25 Ballistics
34:06 Chemistry
35:26 Bodkin Arrow
35:47 Leather Archer Armor
38:01 Great Wall
38:13 Pikeman
38:54 Squires
38:57 Halberdier
41:55 Bracer
42:26 Ring Archer Armor
46:24 Forging
46:15 Scale Mail Armor
48:15 Iron Casting
48:34 Rocketry
60:09 Capped Ram
60:32 Heavy Rocket Cart
76561199495878758
9:00 Wheelbarrow
11:13 Feudal Age
9:46 Double-Bit Axe
9:45 Horse Collar
13:42 Bow Saw
19:25 Castle Age
17:43 Stone Mining
17:45 Gold Mining
18:18 Heavy Plow
19:52 Gold Shaft Mining
19:55 Stone Shaft Mining
20:33 Loom
21:24 Crop Rotation
26:56 Two-Man Saw
27:15 Hand Cart
31:20 Imperial Age
29:42 Burgundian Vineyards
29:09 Pikeman
29:53 Husbandry
29:19 Cavalier
29:20 Light Cavalry
31:05 Squires
31:29 Guilds
31:20 Caravan
31:38 Forging
31:29 Scale Mail Armor
31:39 Scale Barding Armor
33:16 Conscription
32:19 Elite Coustillier
33:42 Iron Casting
33:07 Halberdier
33:46 Paladin
36:20 Hoardings
36:25 Hussar
41:21 Chemistry
40:03 Treadmill Crane
40:34 Masonry
41:27 Blast Furnace
40:48 Chain Barding Armor
50:54 Architecture
56:41 Capped Ram
58:14 Capped Ram
那天下雨了
10:51 Feudal Age
14:38 Castle Age
12:51 Double-Bit Axe
13:26 Horse Collar
26:24 Wheelbarrow
27:02 Bow Saw
26:53 Heavy Plow
27:00 Gold Mining
28:19 Gold Shaft Mining
28:17 Hand Cart
29:11 Bloodlines
29:02 Husbandry
29:03 Town Watch
29:43 Forging
29:38 Scale Barding Armor
29:45 Marauders
32:45 Imperial Age
32:37 Iron Casting
31:34 Pikeman
32:14 Squires
32:31 Town Patrol
33:03 Chain Barding Armor
32:46 Elite Tarkan
35:49 Plate Barding Armor
40:36 Blast Furnace
41:00 Scale Mail Armor
45:03 Two-Man Saw
44:49 Cavalier
44:50 Light Cavalry
47:08 Elite Skirmisher
48:43 Chain Mail Armor
48:18 Fletching
48:29 Padded Archer Armor
49:09 Halberdier
51:25 Ballistics
52:05 Chemistry
51:15 Bodkin Arrow
51:35 Leather Archer Armor
52:48 Bracer
52:26 Hussar
56:27 Caravan
56:57 Coinage
Peaky Blinders
1:38 Loom
11:02 Feudal Age
15:10 Castle Age
13:26 Double-Bit Axe
13:26 Horse Collar
30:51 Imperial Age
27:59 Crossbowman
28:45 Fletching
28:55 Padded Archer Armor
28:50 Gold Mining
29:53 Wheelbarrow
29:06 Town Watch
29:59 Bow Saw
30:00 Heavy Plow
30:25 Squires
30:10 Arson
31:12 Hand Cart
31:17 Town Patrol
31:37 Bodkin Arrow
31:58 Leather Archer Armor
31:33 Arbalester
33:53 Two-Man Saw
35:06 Thumb Ring
35:55 Halberdier
36:43 Scale Mail Armor
37:07 Caravan
38:37 Conscription
38:57 Bracer
39:27 Ring Archer Armor
39:13 Chain Mail Armor
39:22 Ballistics
40:03 Chemistry
40:00 Forging
43:34 Gold Shaft Mining
42:49 Stone Mining
45:28 Plate Mail Armor
Katun
11:45 Feudal Age
12:12 Horse Collar
12:22 Double-Bit Axe
18:00 Castle Age
19:09 Loom
20:26 Bow Saw
22:10 Gold Mining
25:40 Heavy Plow
25:43 Stone Mining
31:18 Imperial Age
29:39 Wheelbarrow
29:53 Gold Shaft Mining
30:27 Forging
31:46 Stone Shaft Mining
32:10 Iron Casting
31:36 Scale Mail Armor
33:17 Conscription
33:35 Hand Cart
33:55 Elite Jomsviking
35:46 Blast Furnace
35:02 Chain Mail Armor
34:46 Arson
35:02 Squires
35:28 Hamask
36:24 Caravan
37:54 Town Watch
38:21 Siege Engineers
38:37 Ballistics
39:45 Northmen's Fury
45:48 Plate Mail Armor
POL POT
0:42 Loom
11:49 Feudal Age
12:17 Double-Bit Axe
12:16 Horse Collar
13:13 Wheelbarrow
21:44 Castle Age
20:39 Forging
20:29 Scale Mail Armor
22:39 Bow Saw
22:32 Heavy Plow
22:49 Hand Cart
23:31 Husbandry
24:52 Scale Barding Armor
26:17 Scale Mail Armor
26:34 Bloodlines
28:23 Chain Barding Armor
30:04 Chain Mail Armor
30:24 Iron Casting
30:21 Town Watch
32:27 Iron Casting
32:48 Town Patrol
37:20 Vendel Legacy
41:14 Imperial Age
41:17 Ballistics
41:41 Murder Holes
41:38 Gothikon
42:41 Conscription
41:50 Cavalier
43:53 Two-Man Saw
42:47 Fletching
45:16 Fortified Wall
50:27 Plate Mail Armor
50:33 Crop Rotation
52:18 Plate Barding Armor
52:44 Blast Furnace
54:53 Bodkin Arrow
59:13 Bracer
59:14 Padded Archer Armor
59:31 Stone Mining
59:32 Gold Mining
60:34 Elite Jarl
62:51 Stone Shaft Mining
1625953570
10:49 Feudal Age
14:45 Castle Age
13:00 Double-Bit Axe
14:06 Horse Collar
17:31 Loom
21:34 Wheelbarrow
21:54 Wheelbarrow
24:06 Heavy Plow
25:25 Hand Cart
28:56 Imperial Age
26:20 Fletching
27:59 Bow Saw
28:12 Bodkin Arrow
28:29 Forging
28:25 Scale Barding Armor
28:34 Gold Mining
28:35 Stone Mining
30:17 Conscription
31:15 Chemistry
30:21 Siege Engineers
30:29 Masonry
30:30 Fortified Wall
30:16 Murder Holes
30:43 Ballistics
30:05 Treadmill Crane
30:04 Light Cavalry
30:54 Bloodlines
30:45 Husbandry
31:38 Stone Shaft Mining
32:43 Arquebus
33:41 Crop Rotation
33:13 Bracer
33:49 Iron Casting
33:35 Chain Barding Armor
36:04 Blast Furnace
35:24 Chain Barding Armor
36:50 Elite Organ Gun
42:42 Plate Barding Armor
42:04 Pikeman
44:28 Coinage
47:58 Bombard Tower
48:09 Architecture
56:16 Halberdier
56:59 Scale Mail Armor
Connection lost

Rejoining the realm…

Still unreachable

The connection could not be restored.

Session expired

The server has moved on; the page needs a fresh start.